 Dungeon Crawl Stone Soup version 0.31-a0-369-g8eba5f6939 (webtiles) character file.

Game seed: 1926993907647406230

7962 Pooter the Cleaver (level 11, -23/99 HPs)
             Began as a Minotaur Berserker on July 29, 2023.
             Was an Elder of Trog.
             Annihilated by an ogre
             ... wielding a +0 giant club
             ... led by Lodul
              (29 damage)
             ... on level 10 of the Dungeon.
             The game lasted 00:51:24 (10969 turns).

Pooter the Cleaver (Minotaur Berserker)            Turns: 10969, Time: 00:51:24

Health: -23/99     AC: 10    Str: 21    XL:     11   Next: 3%
Magic:  10/10      EV: 11    Int:  6    God:    Trog [****..]
Gold:   379        SH:  5    Dex: 10    Spells: 10/10 levels left

rFire   . . .        a - +1 battleaxe
rCold   . . .        (shield currently unavailable)
rNeg    . . .        y - +0 ring mail "Naes Cou" {Will+ Str-3 SInv}
rPois   .            (helmet restricted)
rElec   .            (no cloak)
rCorr   .            I - +0 pair of gloves
SInv    +            (no boots)
Will    +++..        p - amulet of reflection
Stlth   +            q - +4 ring of protection
HPRegen 1.36/turn    G - +4 ring of slaying
MPRegen 0.12/turn

%: reflection
@: strong-willed, regenerating
A: horns 2, retaliatory headbutt
a: Renounce Religion, Berserk, Trog's Hand, Brothers in Arms


You were on level 10 of the Dungeon.
You worshipped Trog.
Trog was greatly pleased with you.
You visited 1 branch of the dungeon, and saw 10 of its levels.
You also visited: Sewer and Bailey.

You collected 550 gold pieces.
You spent 171 gold pieces at shops.

Inventory:

Hand Weapons
 a - a +1 battleaxe (weapon)
   (You took it off a wight on level 6 of the Dungeon)
 b - the +3 sling "Rewn" {antimagic, rPois rCorr}
   (You found it on level 6 of the Dungeon)

   rPois:     It protects you from poison.
   rCorr:     It protects you from acid and corrosion.
 v - a +0 hand axe of flaming
   (You took it off an orc on level 3 of the Dungeon)
 w - a +1 flail of holy wrath
   (You took it off a gnoll on level 3 of the Dungeon)
 E - a +0 war axe
   (You found it on level 2 of the Dungeon)
 L - a +0 orcbow
   (You took it off a gnoll on level 5 of the Dungeon)
 P - a +6 halberd of electrocution
   (You took it off a gnoll in a bailey)
Missiles
 g - 9 boomerangs (quivered)
 h - a throwing net {!f}
 s - 25 poisoned darts
 B - 5 curare-tipped darts
 K - 3 datura-tipped darts
 Q - 74 stones
Armour
 l - a +0 scale mail
   (You found it on level 1 of the Dungeon)
 y - the +0 ring mail "Naes Cou" (worn) {Will+ Str-3 SInv}
   (You bought it in a shop on level 3 of the Dungeon)

   Str:       It affects your strength (-3).
   SInv:      It lets you see invisible.
   Will:      It increases your willpower.
 D - a +2 chain mail of cold resistance
   (You found it on level 6 of the Dungeon)
 F - a +3 scale mail of willpower
   (You took it off Duvessa on level 6 of the Dungeon)
 I - a +0 pair of gloves (worn)
   (You found it on level 8 of the Dungeon)
 R - a +0 plate armour
   (You took it off an orc warrior on level 9 of the Dungeon)
Jewellery
 p - an amulet of reflection (around neck)
   (You found it on level 3 of the Dungeon)
 q - a +4 ring of protection (left hand)
   (You found it on level 3 of the Dungeon)
 G - a +4 ring of slaying (right hand)
   (You found it on level 7 of the Dungeon)
Wands
 f - a wand of flame (10)
   (You found it on level 9 of the Dungeon)
 u - a wand of paralysis (8)
   (You found it on level 4 of the Dungeon)
 x - a wand of acid (6)
   (You found it on level 8 of the Dungeon)
 J - a wand of mindburst (12)
   (You found it on level 8 of the Dungeon)
Scrolls
 e - 2 scrolls of blinking
 m - a scroll of fog
 r - a scroll of butterflies
 t - 4 scrolls of teleportation {@r4}
 z - a scroll of fear
Potions
 c - a potion of cancellation {unknown}
 d - 5 potions of haste {@q3}
 i - 4 potions of heal wounds {unknown}
 j - 5 potions of mutation {!q}
 k - a potion of ambrosia {unknown}
 n - 4 potions of lignification {!q}
 o - 3 potions of curing {@q1}
 A - 4 potions of might {unknown}
 C - a potion of resistance {unknown}
 H - 4 potions of magic {unknown}
 M - 2 potions of attraction {unknown}
 N - 2 potions of berserk rage {unknown}
 O - 2 potions of invisibility {unknown}


   Skills:
 + Level 9.9 Fighting
 * Level 13.3 Axes
 * Level 11.6 Ranged Weapons
 - Level 2.4 Armour
 - Level 2.1 Dodging
 - Level 1.0 Stealth


You had 10 spell levels left.
You didn't know any spells.
Your spell library was empty.

Dungeon Overview and Level Annotations

Branches:
Dungeon (10/15) Zot: 26954  Temple (0/1) D:4            Lair (0/5) D:9
    Orc (0/2) D:9           Sewer (visited)          Bailey (visited)

Altars:
Elyvilon
Fedhas
Makhleb
Nemelex Xobeh
Okawaru
Ru
Uskayaw
Xom
Zin

Shops:
D:3 [   D:4 :*   D:10 *

Annotations:
D:3 1 runed translucent door, Crazy Yiuf
D:10 Lodul


Innate Abilities, Weirdness & Mutations

You have a pair of horns on your head.
You reflexively headbutt those who attack you in melee.


Message History

You kill the orc warrior!
Trog accepts your kill.
No target in view!
Things that are here:
a +0 mace; a +0 sling; a +0 plate armour
R - a +0 plate armour
There is an open door, spattered with blood here.
There is a stone staircase leading down here.
Done exploring.
There is a stone staircase leading down here.
You climb downwards.
Lodul shouts!
The ogre shouts! x6; You hear a shout!
Found Zetaes's Assorted Antiques.
There is a stone staircase leading up here.
Aiming: Corrosive Bolt
Press: ? - help, Shift-Dir - straight line, f - Lodul
Aim: Lodul, wielding a +3 great mace of protection (83% to hit)
The bolt of acid hits the ogre!
The acid corrodes the ogre!
The bolt of acid hits Lodul!
The acid corrodes Lodul!
You hear an angry hiss.
A steam dragon comes into view.
Electricity crackles from Lodul's apparatus.
The bolt of lightning hits you! The ogre misses you. You furiously retaliate!
You headbutt the ogre.
You climb upwards.
There is a stone staircase leading down here.
You slice the ogre!! You headbutt the ogre. You closely miss the ogre.
Your headbutt misses the ogre. You block the ogre's attack.
You slice the ogre!!
You kill the ogre!
Trog accepts your kill.
You start resting.
Your skin crawls.
You feel strong-willed.
You climb downwards.
Level annotation: Lodul The ogre hits you with a +0 giant club!!
A kobold comes into view. It is wielding a +0 short sword.
The ogre closely misses you. The ogre barely misses you.
The ogre hits you with a +0 giant club!! x2
* * * LOW HITPOINT WARNING * * *
You hear a shout!
There is a stone staircase leading up, spattered with blood here.
Electricity crackles from Lodul's apparatus.
The bolt of lightning hits you!!
* * * LOW HITPOINT WARNING * * *
The kobold throws a stone.
The stone barely misses you.
The ogre hits you with a +0 giant club!!
You die...

.......o#...###
............#.#
..........#....
...............
.......D..O...K
.............
......O.∩.#
......O@O.#
...##.O#O.#
#..# ...# #..
...# ..# ...#
..# ...# ...
.... .. .##.#


You could see Lodul, a steam dragon, an orc warrior (wandering), 5 ogres and a
kobold.

Vanquished Creatures
  2 two-headed ogres
  An orc knight (Bailey)
  A troll (D:8)
  4 yaks (D:9)
  A wraith (D:9)
  3 steam dragons
  A water moccasin (D:7)
  Duvessa (D:6)
  2 orc warriors
  3 ice beasts
  A sky beast (D:6)
  4 black bears
  7 ogres
  A phantom (D:7)
  3 kobold brigands
  2 bullfrogs (D:8)
  3 scorpions
  10 wights
  Dowan (D:6)
  14 killer bees
  9 howler monkeys
  3 jellies
  3 hounds
  4 orc priests
  A gnoll bouda (D:5)
  2 iguanas
  A sleepcap (D:6)
  Terence (D:3)
  Natasha (thrice) (D:2)
  2 orc wizards
  34 gnolls
  14 adders
  A river rat (Sewer)
  A shadow imp (D:7)
  2 white imps
  6 worms (Sewer)
  2 dart slugs
  57 orcs
  8 bats
  15 endoplasms
  3 giant cockroaches
  3 goblins
  8 hobgoblins
  18 jackals
  17 kobolds
  7 quokkas
  6 ball pythons
  5 frilled lizards
  7 rats
308 creatures vanquished.

Notes
Turn   | Place    | Note
-------+----------+-------------------------------------------
     0 | D:1      | Pooter the Minotaur Berserker began the quest for the Orb.
     0 | D:1      | Reached XP level 1. HP: 19/19 MP: 0/0
   108 | D:1      | Reached XP level 2. HP: 22/27 MP: 1/1
   109 | D:1      | Reached skill level 4 in Axes
   117 | D:1      | Reached skill level 1 in Stealth
   515 | D:1      | Reached ** piety under Trog
   516 | D:1      | Reached XP level 3. HP: 33/33 MP: 2/2
   629 | D:1      | Reached skill level 1 in Ranged Weapons
  1304 | D:2      | Noticed Natasha
  1311 | D:2      | Killed Natasha
  1312 | D:2      | Reached XP level 4. HP: 27/40 MP: 3/3
  1462 | D:2      | Noticed Natasha
  1469 | D:2      | Killed Natasha
  1578 | D:2      | Noticed Natasha
  1583 | D:2      | Killed Natasha
  1584 | D:2      | Reached skill level 5 in Axes
  1661 | D:3      | Reached *** piety under Trog
  1662 | D:3      | Reached XP level 5. HP: 47/47 MP: 4/4
  1689 | D:3      | Found a shimmering altar of Xom.
  1708 | D:3      | Found Kaelykke's Armour Emporium.
  1778 | D:3      | Found a white marble altar of Elyvilon.
  1984 | D:3      | Found a glowing drain.
  1989 | Sewer    | Entered a sewer
  2274 | Sewer    | Reached XP level 6. HP: 37/55 MP: 5/5
  2468 | Sewer    | Reached skill level 5 in Fighting
  2496 | Sewer    | Reached skill level 6 in Axes
  2830 | D:3      | Found a runed translucent door.
  2831 | D:3      | Noticed Crazy Yiuf
  2918 | D:3      | Reached **** piety under Trog
  3027 | D:3      | Reached XP level 7. HP: 61/61 MP: 6/6
  3158 | D:3      | Reached skill level 7 in Axes
  3158 | D:3      | Reached skill level 5 in Ranged Weapons
  3251 | D:3      | Bought the +0 ring mail "Naes Cou" {Will+ Str-3 SInv} for
                  | 145 gold pieces
  3295 | D:3      | Noticed Terence
  3301 | D:3      | Killed Terence
  3884 | D:4      | Found Sunyel's General Store.
  3898 | D:4      | Bought a scroll of identify for 26 gold pieces
  3911 | D:4      | Found a staircase to the Ecumenical Temple.
  3938 | D:4      | Reached XP level 8. HP: 70/70 MP: 7/7
  4097 | D:4      | Found a sparkling altar of Nemelex Xobeh.
  4136 | D:4      | Found Xecien's Vocational Training.
  4248 | D:5      | Entered Level 5 of the Dungeon
  4302 | D:5      | Reached skill level 8 in Axes
  5403 | D:6      | Reached skill level 9 in Axes
  5750 | D:6      | Reached XP level 9. HP: 79/79 MP: 8/8
  5752 | D:6      | Identified the +3 sling "Rewn" {antimagic, rPois rCorr}
  6119 | D:6      | Reached skill level 10 in Axes
  6399 | D:6      | Noticed Duvessa
  6400 | D:6      | Noticed Dowan
  6408 | D:6      | Killed Duvessa
  6423 | D:6      | Killed Dowan
  6965 | D:7      | Reached skill level 11 in Axes
  8030 | D:8      | Noticed a troll
  8038 | D:8      | Killed a troll
  8039 | D:8      | Reached XP level 10. HP: 90/90 MP: 2/9
  8114 | D:8      | Found a blossoming altar of Fedhas.
  8114 | D:8      | Noticed a two-headed ogre
  8124 | D:8      | Killed a two-headed ogre
  8125 | D:8      | Reached skill level 10 in Ranged Weapons
  8207 | D:8      | Reached skill level 12 in Axes
  8930 | D:8      | Found a hide-covered altar of Uskayaw.
  9141 | D:9      | Found a staircase to the Orcish Mines.
  9172 | D:9      | Found an iron altar of Okawaru.
  9213 | D:9      | Found a flagged portal.
  9270 | Bailey   | Entered a bailey
  9578 | Bailey   | Noticed an orc knight
  9595 | Bailey   | Killed an orc knight
 10042 | D:9      | Found a burning altar of Makhleb.
 10045 | D:9      | Found a glowing silver altar of Zin.
 10048 | D:9      | Found a sacrificial altar of Ru.
 10218 | D:9      | Reached skill level 13 in Axes
 10340 | D:9      | Noticed a two-headed ogre
 10351 | D:9      | Killed a two-headed ogre
 10362 | D:9      | Reached XP level 11. HP: 57/99 MP: 4/10
 10727 | D:9      | Found a staircase to the Lair.
 10925 | D:10     | Entered Level 10 of the Dungeon
 10925 | D:10     | Noticed Lodul
 10925 | D:10     | Found Zetaes's Assorted Antiques.
 10969 | D:10     | Annihilated by an ogre

Illustrated notes

Levels and vault maps discovered:
D:1:      ncdulo_wetmaze, layout_loops_ring, minmay_pentomino_x4
D:2:      layout_rooms, uniq_natasha
D:3:      lemuel_castle_with_subvaults [lemuel_castle_interior_carwin_1],
          layout_loops_ring, lemuel_round_altar,
          mainiacjoe_overflow_surrounded_room, portal_sewer_entry_e,
          serial_shops, shop, nicolae_half_adder, uniq_crazy_yiuf_cottage,
          uniq_terence
D:4:      layout_cave_pools, mainiacjoe_overflow_tiny_flanked,
          minmay_temple_entry_sparse_star, serial_shops, nicolae_shop_crystal,
          nicolae_shop_vocational
D:5:      layout_basic, serial_corexii_hall, corexii_hall_statues_deadend,
          corexii_hall_statues_i, chequers_serial_rivers_large_a
D:6:      black_bear_nest_1, layout_basic, minmay_misc_feat_roman, uniq_duvessa
D:7:      layout_cave_pods
D:8:      layout_rooms, hangedman_feature_mirror
D:9:      layout_gridville, grunt_temple_overflow_cloverleaf,
          grunt_lair_entry_orc_guard_hut, enter_bailey_4
D:10:     layout_cave_pools, lemuel_round_altar, kennysheep_slug_shrine,
          serial_bayou, serial_bayou_pond_e, serial_bayou_pond_e,
          serial_bayou_pond_a, serial_bayou_crossing, serial_bayou_ford_a,
          serial_bayou_pond_d, serial_shops, shop, uniq_erolcha, uniq_lodul,
          uniq_nergalle

Skill      XL: |  1  2  3  4  5  6  7  8  9 10 |
---------------+-------------------------------+-----
Axes           | 4 5 6 7 9 11 13 | 13.3
Stealth        | 1 |  1.0
Fighting       | 4 5 6 7 8 9 |  9.9
Ranged Weapons | 1 2 3 4 6 7 9 11 | 11.6
Armour         | |  2.4
Dodging        | |  2.1

Action                     |  1- 3 |  4- 6 |  7- 9 | 10-12 || total
---------------------------+-------+-------+-------+-------++-------
  Melee: Hand axe          |    67 |       |       |       ||    67
         Headbutt          |     9 |    32 |    50 |    24 ||   115
         War axe           |       |   156 |   189 |       ||   345
         Punch             |       |     1 |     1 |       ||     2
         Battleaxe         |       |       |    59 |   116 ||   175
   Fire: Sling             |    50 |    72 |   134 |    47 ||   303
         Orcbow            |       |       |    26 |       ||    26
  Throw: Boomerang         |     1 |    12 |     8 |       ||    21
         Dart              |       |       |     2 |     3 ||     5
 Invoke: Berserk           |     1 |     2 |     6 |     3 ||    12
         Trog's Hand       |       |     2 |     4 |     5 ||    11
  Evoke: Wand              |       |       |       |     9 ||     9
    Use: Scroll            |     2 |     2 |     8 |     4 ||    16
         Potion            |       |       |       |     1 ||     1
 Armour: Animal skin       |     7 |       |       |       ||     7
         Scale mail        |    20 |    59 |     3 |       ||    82
         Ring mail         |       |       |    66 |    51 ||   117
  Dodge: Dodged            |    47 |    74 |   114 |   108 ||   343
  Block: Other             |       |    41 |    55 |    38 ||   134
         Reflection        |       |     5 |     2 |       ||     7

Table legend: (Time is in decaauts)
 A = Elapsed time spent in this place.
 B = Non-inter-level travel time spent in this place.
 C = Inter-level travel time spent in this place.
 D = Time resting spent in this place.
 E = Time spent auto-exploring this place.
 F = Levels seen in this place.
 G = Mean time per level.
                   A        B        C        D        E       F      G
               +--------+--------+--------+--------+--------+-----+--------+
         Total |  11369 |  11108 |    261 |   2479 |   6070 |  12 |  947.4 |
       Dungeon |   9867 |   9606 |    261 |   2156 |   5383 |  10 |  986.7 |
         Sewer |    864 |    864 |      0 |     61 |    556 |   1 |  864.0 |
        Bailey |    637 |    637 |      0 |    261 |    131 |   1 |  637.0 |
               +--------+--------+--------+--------+--------+-----+--------+

Top non-repeatable levels by time:
     D:6: 1583 daAuts
     D:3: 1569 daAuts
     D:8: 1432 daAuts
     D:9: 1216 daAuts
     D:1: 1132 daAuts
     D:7: 1114 daAuts
   Sewer: 864 daAuts
     D:5: 839 daAuts
  Bailey: 637 daAuts
     D:2: 545 daAuts
     D:4: 429 daAuts
    D:10: 4 daAuts
